 Dungeon Crawl Stone Soup version 0.28.0-43-g3370ac3207 (webtiles) character file.

Game seed: 2488172848345146852

128 pkoi the Ruffian (level 4, -4/38 HPs)
             Began as a Draconian Monk on Mar 1, 2022.
             Slain by a gnoll
             ... wielding a +0 halberd
              (7 damage)
             ... on level 3 of the Dungeon.
             The game lasted 00:02:46 (2969 turns).

pkoi the Ruffian (Draconian Monk)                   Turns: 2969, Time: 00:02:47

Health: -4/38      AC:  7    Str: 14    XL:     4   Next: 86%
Magic:  4/4        EV: 12    Int: 12    God:
Gold:   52         SH:  0    Dex: 13    Spells: 1/3 levels left

rFire   . . .      SeeInvis .     - Unarmed
rCold   . . .      Faith    .   (no shield)
rNeg    . . .      Spirit   .   (armour unavailable)
rPois   .          Reflect  .   (helmet restricted)
rElec   .          Harm     .   (no cloak)
rCorr   .          Rampage  .   (no gloves)
Will    .....                   e - +1 pair of boots
Stlth   ++........              (no amulet)
HPRegen 0.12/turn               (no ring)
MPRegen 0.09/turn               (no ring)

@: no status effects
A: AC +5, unfitting armour, cold-blooded
a: no special abilities


You were on level 3 of the Dungeon.
You visited 1 branch of the dungeon, and saw 3 of its levels.

You collected 52 gold pieces.

Inventory:

Hand Weapons
 a - a +1 dagger of electrocution
Armour
 e - a +1 pair of boots (worn)
Jewellery
 d - a ring of willpower
Wands
 i - a wand of paralysis (8)
Scrolls
 b - 2 scrolls of enchant armour
 h - a scroll of enchant weapon
Potions
 f - a potion of flight {unknown}
 g - a potion of mutation {unknown}


   Skills:
 + Level 3.4 Fighting
 + Level 2.8 Dodging
 - Level 1.7 Stealth
 * Level 5.4 Unarmed Combat
 + Level 0.0 Evocations


You had one spell level left.
You knew the following spells:

 Your Spells              Type           Power      Damage    Failure   Level
a - Blink                 Tloc           0%         N/A       45%         2

Your spell library contained the following spells:

 Spells                   Type           Power      Damage    Failure   Level
 Shock                    Conj/Air       0%         1d3       32%         1
 Swiftness                Air            0%         N/A       69%         3
 Airstrike                Air            0%         N/A       97%         4
 Manifold Assault         Tloc           0%         N/A       100%        5
 Storm Form               Tmut/Air       0%         N/A       100%        7


Dungeon Overview and Level Annotations

Branches:
Dungeon (3/15)

Altars:
Uskayaw

Shops:
D:2 =   D:3 (

Annotations:
D:3 Grinder


Innate Abilities, Weirdness & Mutations

Your plain brown scales are hard. (AC +5)
You cannot fit into any form of body armour.
You are cold-blooded and may be slowed by cold attacks.


Message History

* * * LOW HITPOINT WARNING * * *
The black bear claws you.
* * * LOW HITPOINT WARNING * * *
The orc hits you with a +0 flail!
* * * LOW HITPOINT WARNING * * *
You feel yourself speed up. The orc barely misses you.
There is a stone staircase leading down here.
Found an arbalest, 15 stones and a small blue amulet.
A gnoll comes into view. It is wielding a +0 halberd.
The gnoll shouts!
You hear a shout!
A gnoll comes into view. It is wielding a +0 flail.
The gnoll hits you from afar with a +0 halberd.
* * * LOW HITPOINT WARNING * * *
As you read the scroll labelled IBLU SYNONE, it crumbles to dust.
It is a scroll of enchant armour.
Your +0 pair of boots glows green for a moment.
The gnoll barely misses you. The orc barely misses you.
As you read the scroll labelled WUAFUQ ERHUSTI, it crumbles to dust.
You assume a fearsome visage.
The black bear looks frightened!
The orc looks frightened!
The rat looks frightened!
The gnoll looks frightened! x2
It was a scroll of fear.
The orc cries, "Mercy!"
A gnoll comes into view. It is wielding a +0 club.
A gnoll comes into view. It is wielding a +0 whip.
The gnoll shouts! x2
You hit the gnoll.
Your attack snaps the gnoll out of its fear.
The gnoll is lightly wounded.
The gnoll closely misses you.
You hit the gnoll.
You tail-slap the gnoll, but do no damage.
The gnoll is heavily wounded.
The gnoll barely misses you. x2
You hit the gnoll but do no damage.
The gnoll is heavily wounded.
The gnoll hits you with a +0 club.
* * * LOW HITPOINT WARNING * * *
The gnoll hits you with a +0 halberd!
You die...

..#####*****###**#.#,********,,,,
..# *,..#,,,,,,,,,,,,, .##
*,..*,,*******,,,, .# *,..*,,*
*,,,,, .# **g#*,,* ***,*,** .#
*.#*,,* *,,,*,,, .#
*g#*,,****,*****,
.################g#*,,,,,,,,,*,,,
...>...rh.......@g#**,******,*,**
..####.############ *,* *,,,*
...# #.# *,********,** #..# #.#
*,,,,,,,,,*,, #..# #)#
**********,** #..#*#(#* *,**
#...,...* *,,, #.####."*
************ #.#***,,*
**********,,,,,,,,*


You could see 4 gnolls.

Vanquished Creatures
  Ijyb (D:3)
  Robin (D:2)
  2 adders (D:2)
  A worm (D:2)
  2 dart slugs
  An orc (D:3)
  6 ball pythons
  4 bats
  4 endoplasms
  4 giant cockroaches
  13 goblins
  11 hobgoblins
  3 quokkas
  A frilled lizard (D:1)
  3 rats
57 creatures vanquished.

Notes
Turn   | Place    | Note
-------+----------+-------------------------------------------
     0 | D:1      | pkoi the Draconian Monk began the quest for the Orb.
     0 | D:1      | Reached XP level 1. HP: 19/19 MP: 1/1
   390 | D:1      | Reached XP level 2. HP: 26/26 MP: 2/2
   512 | D:1      | Found a faded altar of an unknown god.
   581 | D:1      | Reached skill level 4 in Unarmed Combat
  1169 | D:2      | Reached XP level 3. HP: 31/31 MP: 3/3
  1388 | D:2      | Found Oqiafos's Jewellery Shop.
  1415 | D:2      | Found a hide-covered altar of Uskayaw.
  1487 | D:2      | Learned a level 2 spell: Blink
  1499 | D:2      | Noticed Robin
  1532 | D:2      | Killed Robin
  1533 | D:2      | Reached skill level 5 in Unarmed Combat
  1533 | D:2      | Reached XP level 4. HP: 20/38 MP: 4/4
  2732 | D:3      | Noticed Ijyb
  2736 | D:3      | Paralysed by Ijyb for 3 turns
  2746 | D:3      | Paralysed by Ijyb for 7 turns
  2756 | D:3      | Killed Ijyb
  2861 | D:3      | Found Qitikiam's Weapon Shoppe.
  2938 | D:3      | Noticed Grinder
  2938 | D:3      | Noticed a black bear
  2969 | D:3      | Slain by a gnoll

Illustrated notes

Levels and vault maps discovered:
D:1:      dpeg_arrival_ternary, layout_rooms,
          dreamdust_ecumenical_altar_sealed_demon, st_stairs_1,
          hangedman_decor_push
D:2:      layout_basic, serial_shops, nicolae_lakefront_shop, basic_altar,
          uniq_robin
D:3:      layout_loops_ring, serial_shops, shop_statue, uniq_grinder, uniq_ijyb

Skill      XL: |  1  2  3 |
---------------+----------+-----
Unarmed Combat | 4 5 |  5.4
Fighting       | |  3.4
Dodging        | |  2.8
Stealth        | |  1.7

Action                   |  1- 3 |  4- 6 || total
-------------------------+-------+-------++-------
Melee: Unarmed           |   126 |    55 ||   181
       Tailslap          |    13 |     5 ||    18
       Punch             |     1 |     1 ||     2
       Dagger            |       |    10 ||    10
  Use: Scroll            |       |     6 ||     6
 Stab: Sleeping          |     5 |     2 ||     7
Armor: Skin              |    45 |    23 ||    68
Dodge: Dodged            |    77 |    35 ||   112
